 Dungeon Crawl Stone Soup version 0.28.0-53-g5a82cb258f (webtiles) character file.

Game seed: 3824309780029693255

14 Plasmagod the Skirmisher (level 2, 16/16 HPs)
             Began as a Vine Stalker Fighter on July 21, 2022.
             Was an Initiate of Ashenzari.
             Quit the game on level 1 of the Dungeon.
             The game lasted 00:00:49 (649 turns).

Plasmagod the Skirmisher (Vine Stalker Fighter)      Turns: 649, Time: 00:00:49

Health: 16/16      AC:  6    Str: 18    XL:     2   Next: 45%
Magic:  3/3        EV:  9    Int:  8    God:    Ashenzari [......]
Gold:   0          SH:  4    Dex: 13    Spells: 1/1 levels left

rFire   . . .      SeeInvis .   a - +0 long sword
rCold   . . .      Faith    .   c - +0 buckler
rNeg    . . .      Spirit   +   b - +0 scale mail
rPois   .          Reflect  .   (no helmet)
rElec   .          Harm     .   (no cloak)
rCorr   .          Rampage  .   (no gloves)
Will    .....                   (no boots)
Stlth   ..........              (no amulet)
HPRegen 0.05/turn               (no ring)
MPRegen 0.08/turn               (no ring)

@: no status effects
A: fangs 2, magic shield, antimagic bite, no potion heal 2
a: Renounce Religion, Curse Item


You were on level 1 of the Dungeon.
You worshipped Ashenzari.
Ashenzari was noncommittal.
You visited 1 branch of the dungeon, and saw 1 of its levels.

Inventory:

Hand Weapons
 a - a +0 long sword (weapon)
Armour
 b - a +0 scale mail (worn)
 c - a +0 buckler (worn)
Scrolls
 f - a scroll of enchant weapon {unknown}
 g - a scroll of fear {unknown}
Potions
 d - a potion of might
 e - a potion of attraction {unknown}


   Skills:
 + Level 2.9 Fighting
 + Level 1.9 Long Blades
 + Level 2.7 Armour
 + Level 2.9 Shields


You had one spell level left.
You didn't know any spells.
Your spell library contained the following spells:

 Spells                   Type           Power      Damage    Failure   Level
 Static Discharge         Conj/Air       0%         N/A       95%         2
 Dispel Undead            Necr           0%         3d6       100%        4
 Sticky Flame             Conj/Fire      0%         2d3       100%        4


Dungeon Overview and Level Annotations

Branches:
Dungeon (1/15)

Altars:
Ashenzari


Innate Abilities, Weirdness & Mutations

You have extremely sharp teeth.
When hurt, damage is shared between your health and your magic reserves.
Your bite disrupts and absorbs the magic of your enemies.
Potions cannot restore your health.


Message History

The ball python constricts you.
You hit the ball python.
You kill the ball python!
You barely miss the goblin. You block the goblin's attack.
The goblin hits you with a +0 dagger.
You closely miss the goblin. The goblin hits you but does no damage.
You barely miss the goblin. Your bite misses the goblin.
The goblin hits you with a +0 dagger.
You hit the goblin.
You kill the goblin!
No target in view!
Things that are here:
a +0 dagger; a goblin corpse
f - a scroll labelled JEOSEIF OJUNEGH
There is a dry fountain here.
There is a broken altar of Ashenzari here.
You see here 5 arrows.
Found a trident.
A frilled lizard comes into view.
A rat comes into view.
The rat twitches its whiskers.
The frilled lizard barely misses you.
You completely miss the frilled lizard.
The frilled lizard bites you but does no damage.
You barely miss the frilled lizard.
You bite the frilled lizard, but do no damage.
The frilled lizard barely misses you. You block the rat's attack.
The frilled lizard barely misses you. The rat bites you but does no damage.
You slash the frilled lizard!
You kill the frilled lizard!
The rat bites you but does no damage.
You barely miss the rat. You block the rat's attack. The rat barely misses you.
You slash the rat!
You kill the rat!
No target in view!
You see here a +0 trident.
g - a scroll labelled MEUCKI DUGUSM A rat comes into view.
A rat is nearby!
Are you sure you want to abandon this character and quit the game? (Confirm with "yes".)

######### .#
......... .# #
#..###..# # .#
. #..# #. .#.#
#..#
###.####.#.####
#..#
#.............#
...#
#...#.......r.
#.## .
##....@.# #.#
.#...#.#!# ..#
#.#..#.#.# ###
##.#..#.#.#
.....#.#.# #
#..#.#.# ##
#.#....#.# # .#
#.#...##.#.# .#
#..........#


You could see a rat.

Vanquished Creatures
  A dart slug (D:1)
  2 endoplasms (D:1)
  2 goblins (D:1)
  A quokka (D:1)
  A ball python (D:1)
  A bat (D:1)
  2 frilled lizards (D:1)
  2 kobolds (D:1)
  A rat (D:1)
13 creatures vanquished.

Notes
Turn   | Place    | Note
-------+----------+-------------------------------------------
     0 | D:1      | Plasmagod the Vine Stalker Fighter began the quest for the
                  | Orb.
     0 | D:1      | Reached XP level 1. HP: 11/11 MP: 2/2
   241 | D:1      | Reached XP level 2. HP: 16/16 MP: 3/3
   271 | D:1      | Found a faded altar of an unknown god.
   281 | D:1      | Prayed at the altar of an unknown god.
   281 | D:1      | Became a worshipper of Ashenzari the Shackled
   649 | D:1      | Quit the game

Illustrated notes

Levels and vault maps discovered:
D:1:      mrwooster_arrival_statue_3, layout_loops_ring,
          hellmonk_ecumenical_altar_run_dry,
          nicolae_concentric_dashed_squares_wild,
          chequers_serial_rivers_small_3, chequers_decorated_corner,
          grunt_decor_resistance, minmay_lizard_king

Action                   || total
-------------------------++-------
Melee: Long sword        ||    33
       Bite              ||     8
Armor: Scale mail        ||    13
Dodge: Dodged            ||    15
Block: Buckler           ||     8
